 Dungeon Crawl Stone Soup version 0.22-a0-348-gd16d139 (webtiles) character file.

1929 vishdafish the Skirmisher (level 8, 0/63 HPs)
             Began as a Demonspawn Skald on Apr 11, 2018.
             Succumbed to a killer bee's poison
             ... on level 6 of the Dungeon.
             The game lasted 00:17:06 (9272 turns).

vishdafish the Skirmisher (Demonspawn Skald)        Turns: 9272, Time: 00:17:07

Health: 0/63       AC: 11    Str: 11    XL:     8   Next: 96%
Magic:  18/23      EV: 10    Int: 17    God:
Gold:   357        SH:  0    Dex: 14    Spells: 10/15 levels left

rFire    + + .     SeeInvis .   a - +0 spear
rCold    + + +     Gourm    .   (no shield)
rNeg     + . .     Faith    .   x - +0 scale mail of Valiance {rC++} (curse)
rPois    +         Spirit   .   (helmet restricted)
rElec    +         Reflect  .   g - +0 cloak
rCorr    +         Harm     .   (no gloves)
MR       .....                  y - +0 pair of boots (curse)
Stlth    ..........             j - amulet "Punaffum" {rElec rC+++ Regen+ MP+9 Int-3}
HPRegen  0.60/turn              n - ring of positive energy
MPRegen  0.18/turn              p - +4 ring of intelligence

@: lethally poisoned (0 -> -20), resistant, infused
A: horns 1, icy blue scales 1, fire resistance 1, powered by death 1
a: no special abilities


You were on level 6 of the Dungeon.
You were not hungry.

You visited 1 branch of the dungeon, and saw 7 of its levels.

You collected 357 gold pieces.

Inventory:

Hand Weapons
 a - a +0 spear (weapon)
 o - a +0 hunting sling
Armour
 b - a +0 leather armour
 e - a +0 pair of boots
 f - a +2 leather armour of cold resistance
 g - a +0 cloak (worn)
 x - the cursed +0 scale mail of Valiance (worn) {rC++}
   (You found it on level 5 of the Dungeon)

   It greatly protects you from cold.
   It has a curse placed upon it.
 y - a cursed +0 pair of boots (worn)
Jewellery
 j - the amulet "Punaffum" (around neck) {rElec rC+++ Regen+ MP+9 Int-3}
   (You found it on level 6 of the Dungeon)

   [amulet of regeneration]

   It affects your intelligence (-3).
   It renders you almost immune to cold.
   It insulates you from electricity.
   It affects your magic capacity (+9).
   It increases your rate of regeneration.
 n - a ring of positive energy (left hand)
 p - a +4 ring of intelligence (right hand)
Wands
 w - a wand of polymorph (11)
Scrolls
 c - 2 scrolls of enchant weapon
 h - 2 scrolls of random uselessness
 i - a scroll of identify
 s - a scroll of fog
Potions
 m - a potion of flight
 q - a potion of agility
Comestibles
 d - 8 rations


   Skills:
 + Level 5.5 Fighting
 + Level 5.3 Polearms
 * Level 4.5 Armour
 - Level 4.1 Dodging
 - Level 0.6 Stealth
 - Level 4.1 Spellcasting
 - Level 3.0 Charms
 + Level 3.0 Translocations


You had 10 spell levels left.
You knew the following spells:

 Your Spells              Type           Power        Failure   Level  Hunger
a - Infusion              Chrm           ##..         22%         1    None
b - Song of Slaying       Chrm           ##......     34%         2    ##.....
c - Shroud of Golubria    Chrm/Tloc      ##........   34%         2    ##.....


Dungeon Overview and Level Annotations

Branches:
Dungeon (7/15)             Temple (0/1) D:7

Altars:
Uskayaw
The Shining One


Innate Abilities, Weirdness & Mutations

You have a pair of small horns on your head.
You are partially covered in icy blue scales. (AC +2)
Your flesh is heat resistant. (rF+)
You regenerate a little health from kills.


Message History

You feel very sick. The killer bee stings you!
* * * LOW HITPOINT WARNING * * *
The killer bee stings you but does no damage.
Okay, then.
Search for what [Enter for "sca", or ? for help]? pot Unknown command.
You hit the killer bee.
The killer bee is severely wounded.
* * * LOW HITPOINT WARNING * * *
You feel very sick. The killer bee barely misses you.
You hit the killer bee. Your headbutt misses the killer bee.
The killer bee is severely wounded.
* * * LOW HITPOINT WARNING * * *
You feel sick. The killer bee barely misses you.
The killer bee closely misses you.
You miss the killer bee.
The killer bee is severely wounded.
You die...

##.######...........#
###..................##
####........####........#
###(....###...# ##.......#
##.....### ##..##
##......# ...#....# ##..##
##.....# .##.....## ##..##
##....# #........# #...##
###..# .........## #y@..##
#### ..........# #.....###
#.........# #.......##
#.........## #.......[#
##.........# #........##
#.[.......# #.........##
##........# #......>...###
##.......# ##........)...#
##......###.............##


You could see a killer bee.

Vanquished Creatures
  The ghost of vishdafish the Charmwright, an amateur DsSk (D:3)
  Grinder (D:6)
  Edmund (D:5)
  2 water moccasins
  Duvessa (D:4)
  A sky beast (D:6)
  An ogre (D:5)
  A centaur (D:6)
  A bullfrog (D:7)
  Dowan (D:3)
  2 scorpions (D:5)
  2 killer bees (D:6)
  3 wights (D:6)
  A hound (D:7)
  6 orc wizards
  An iguana (D:7)
  A worker ant (D:4)
  A hound zombie (D:5)
  A worker ant zombie (D:6)
  4 gnolls
  5 adders
  2 oozes
  A worm zombie (D:7)
  A worm (D:2)
  3 dart slugs (D:1)
  9 leopard geckos
  7 orcs
  13 hobgoblins
  8 jackals
  4 quokkas
  5 bats
  4 frilled lizards
  6 goblins
  5 kobolds
  10 rats
116 creatures vanquished.

Notes
Turn   | Place    | Note
-------+----------+-------------------------------------------
     0 | D:1      | vishdafish the Demonspawn Skald began the quest for the Orb.
     0 | D:1      | Reached XP level 1. HP: 16/16 MP: 3/3
    92 | D:1      | Gained mutation: Your flesh is heat resistant. (rF+) [demonic ancestry]
    92 | D:1      | Reached XP level 2. HP: 6/22 MP: 1/5
   353 | D:1      | Reached skill level 1 in Armour
  1469 | D:1      | Reached XP level 3. HP: 17/27 MP: 6/6
  2186 | D:2      | Reached XP level 4. HP: 20/33 MP: 3/7
  2662 | D:3      | Noticed vishdafish's ghost (amateur DsSk)
  2674 | D:3      | Killed vishdafish's ghost
  2674 | D:3      | Gained mutation: You have a pair of small horns on your head. [demonic ancestry]
  2674 | D:3      | Reached XP level 5. HP: 17/41 MP: 3/9
  2674 | D:3      | Gained mutation: You are partially covered in icy blue scales. (AC +2) [demonic ancestry]
  2674 | D:3      | Reached XP level 6. HP: 20/47 MP: 3/10
  2901 | D:3      | Learned a level 2 spell: Song of Slaying
  2904 | D:3      | Learned a level 2 spell: Shroud of Golubria
  2955 | D:3      | Found a glowing golden altar of the Shining One.
  3502 | D:4      | Noticed Dowan
  3505 | D:4      | Noticed Duvessa
  3788 | D:4      | Killed Duvessa
  3799 | D:3      | Killed Dowan
  4732 | D:5      | Entered Level 5 of the Dungeon
  4755 | D:5      | Gained mutation: You regenerate a little health from kills. [demonic ancestry]
  4755 | D:5      | Reached XP level 7. HP: 16/53 MP: 8/12
  5630 | D:5      | Noticed Edmund
  5672 | D:5      | Killed Edmund
  6213 | D:5      | Reached skill level 1 in Translocations
  6448 | D:5      | Got a diamond-encrusted scale mail
  6459 | D:5      | Identified the cursed +0 scale mail of Valiance {rC++} (You found it on level 5 of the Dungeon)
  6542 | D:6      | Reached XP level 8. HP: 15/61 MP: 14/14
  6860 | D:6      | Noticed Grinder
  6864 | D:6      | Paralysed by Grinder for 3 turns
  6881 | D:6      | Killed Grinder
  7196 | D:7      | Found a sand-covered staircase.
  7524 | D:7      | Found a staircase to the Ecumenical Temple.
  7626 | D:7      | Reached skill level 5 in Fighting
  8257 | D:6      | Reached skill level 5 in Polearms
  8903 | D:6      | Found a hide-covered altar of Uskayaw.
  8904 | D:6      | Noticed a hand axe
  8904 | D:6      | Noticed a dagger
  8993 | D:6      | Got a brightly glowing crystal amulet
  9051 | D:6      | Identified the amulet "Punaffum" {rElec rC+++ Regen+ MP+9 Int-3} (You found it on level 6 of the Dungeon)
  9271 | D:6      | HP: 2/63 [poisoned by a killer bee]
  9272 | D:6      | Succumbed to a killer bee's poison

Vault maps used:
D:1:      erik_arrival_triangle_small
D:2:      moated_statue, minmay_hedge_maze
D:3:      st_stairs_7, lemuel_tele_altar
D:4:      uniq_duvessa
D:5:      first_ration, st_stairs_2, uniq_edmund
D:6:      dancing_weapons_uskayaw, minmay_a_box_with_orc_wizards_in_it,
          uniq_grinder
D:7:      temple_doors_e, enter_ossuary_3

Skill      XL: |  1  2  3  4  5  6  7  8 |
---------------+-------------------------+-----
Dodging        | 2 3 4 |  4.1
Charms         | 3 |  3.0
Armour         | 1 2 4 |  4.5
Polearms       | 2 3 4 5 |  5.3
Fighting       | 3 4 5 |  5.5
Spellcasting   | 3 4 |  4.1
Translocations | 1 3 |  3.0
Stealth        | |  0.6

Action                   |  1- 3 |  4- 6 |  7- 9 || total
-------------------------+-------+-------+-------++-------
Melee: Spear             |   152 |   189 |   438 ||   779
       Headbutt          |       |    11 |    68 ||    79
Throw: Throwing net      |       |       |     3 ||     3
 Cast: Infusion          |     5 |     4 |    11 ||    20
       Shroud of Golubri |       |    12 |     9 ||    21
       Song of Slaying   |       |     7 |     4 ||    11
Evoke: Wand              |       |       |     3 ||     3
  Use: Potion            |       |     4 |     4 ||     8
       Scroll            |       |     4 |    10 ||    14
 Stab: Sleeping          |     3 |     1 |     1 ||     5
       Held in net/web   |       |       |     2 ||     2
  Eat: Chunk             |     4 |     6 |     5 ||    15
       Ration            |       |     1 |     3 ||     4
Armor: Leather armour    |    21 |    34 |    45 ||   100
       Scale mail        |       |       |   163 ||   163
Dodge: Dodged            |    62 |    71 |   231 ||   364

Table legend:
 A = Spawn XP
 B = Non-spawn XP
 C = Spawn XP percentage of total XP
 D = Spawn monster count
 E = Non-spawn monster count
 F = Spawn count percentage of total count
 G = Total turns spent on level
                    A         B        C        D         E        F      G
               +---------+---------+-------+---------+---------+-------+---------
         Total |       0 |    2756 |   0.0 |       0 |     116 |   0.0 |  9272
               +---------+---------+-------+---------+---------+-------+---------
           D:1 |       0 |      47 |   0.0 |       0 |      25 |   0.0 |  1758
           D:2 |       0 |      70 |   0.0 |       0 |      21 |   0.0 |   809
           D:3 |       0 |     417 |   0.0 |       0 |      24 |   0.0 |  1414
           D:4 |       0 |     183 |   0.0 |       0 |       7 |   0.0 |  1098
           D:5 |       0 |     615 |   0.0 |       0 |      17 |   0.0 |  1399
           D:6 |       0 |    1094 |   0.0 |       0 |      16 |   0.0 |  1677
           D:7 |       0 |     330 |   0.0 |       0 |       6 |   0.0 |  1117
               +---------+---------+-------+---------+---------+-------+---------
